 Dungeon Crawl Stone Soup version 0.26-a0-1177-g1209ec82b9 (webtiles) character file.

Game seed: 8678340904788169968

147 voltaire321 the Digger (level 5, 0/34 HPs)
             Began as an Octopode Earth Elementalist on Dec 25, 2020.
             Was an Initiate of Fedhas.
             Killed by nerve-wracking pain
             ... invoked by Grinder
              (14 damage)
             ... while paralysed by Grinder
             ... on level 3 of the Dungeon.
             The game lasted 00:11:40 (3003 turns).

voltaire321 the Digger (OpEE)                       Turns: 3003, Time: 00:11:40

Health: 0/34       AC:  1    Str:  7    XL:     5   Next: 29%
Magic:  5/9        EV:  2    Int: 18    God:    Fedhas [......]
Gold:   187        SH:  0    Dex: 13    Spells: 5/9 levels left

rFire    . . .     SeeInvis .   l - +1 dagger (vamp)
rCold    . . .     Faith    .   (no shield)
rNeg     . . .     Spirit   .   (helmet restricted)
rPois    .         Reflect  .   (no amulet)
rElec    .         Harm     .   (no ring)
rCorr    .         Rampage  .   (no ring)
Will     .....                  (no ring)
Stlth    +++.......             (no ring)
HPRegen  0.11/turn              (no ring)
MPRegen  0.11/turn              (no ring)
                                (no ring)
                                (no ring)

@: paralysed
A: almost no armour, stealthy swim, amphibious, 8 rings, constrict 8, camouflage
1, gelatinous body 1
a: Renounce Religion


You were on level 3 of the Dungeon.
You worshipped Fedhas.
Fedhas was noncommittal.
You visited 1 branch of the dungeon, and saw 3 of its levels.

You collected 187 gold pieces.

Inventory:

Hand Weapons
 l - a +1 vampiric dagger (weapon)
Missiles
 b - 37 stones (quivered)
 j - 19 poisoned darts
Scrolls
 e - a scroll of magic mapping
 h - a scroll of blinking {unknown}
 i - a scroll of identify
 k - a scroll of teleportation {unknown}
 m - a scroll of remove curse {unknown}
 n - a scroll of fog
 q - a scroll of enchant armour {unknown}
Potions
 a - a potion of invisibility {unknown}
 c - 2 potions of curing
 d - a potion of mutation {unknown}
 f - a potion of magic {unknown}
 g - 2 potions of resistance {unknown}
 o - a potion of ambrosia
 p - a potion of heal wounds {unknown}


   Skills:
 + Level 1.7 Fighting
 + Level 2.8 Dodging
 - Level 2.6 Stealth
 + Level 2.7 Spellcasting
 + Level 1.2 Conjurations
 + Level 2.1 Transmutations
 + Level 3.6 Earth Magic


You had 5 spell levels left.
You knew the following spells:

 Your Spells              Type           Power        Failure   Level
a - Sandblast             Erth           30%          3%          1
b - Stone Arrow           Conj/Erth      22%          19%         3

Your spell library contained the following spells:

 Spells                   Type           Power        Failure   Level
 Passwall                 Tmut/Erth      10%          8%          2
 Petrify                  Tmut/Erth      12%          45%         4
 Lee's Rapid Deconstruct  Erth           7%           71%         5


Dungeon Overview and Level Annotations

Branches:
Dungeon (3/15)

Altars:
Fedhas

Annotations:
D:3 Grinder


Innate Abilities, Weirdness & Mutations

You cannot wear most types of armour.
You are very stealthy in the water. (Stealth+)
You are amphibious.
You can wear up to eight rings at the same time.
You can use your tentacles to constrict eight enemies at once.
Your skin changes colour to match your surroundings (Stealth+).
Your rubbery body absorbs attacks. (AC +1, EV +1)


Message History

b - 37 stones You constrict Grinder, but do no damage.
Grinder closely misses you.
You feel better.
You constrict Grinder.
Grinder blinks free!
Casting: Sandblast (safe; 3% risk of failure)
Confirm with . or Enter, or press ? or * to list all spells.
You can't see any susceptible monsters within range! (Use Z to cast anyway.) Unknown command.
Casting: Sandblast (safe; 3% risk of failure)
Confirm with . or Enter, or press ? or * to list all spells.
You can't see any susceptible monsters within range! (Use Z to cast anyway.) Grinder gestures at you.
You suddenly lose the ability to move!
Grinder gestures at you.
You shrug off the repeated paralysis!
Grinder says, "You look like you could use a good racking."
Grinder gestures at you. Pain shoots through your body!
You die...
Fedhas appreciates your contribution to the ecosystem.

**,,,,,*,,,,*,****,#.#
######
**,,,,,,,,..,,#.**,#.###
**,*,,,,,.,.,,#.**,#...#
,**,,,,,,..,.,..,,,#.####
,*,,,,,,,...#.#.***#....#
**,,,,,,,,,...#.#######.##
,*,,,,,,,,,,*.5.#........#
,*,,,,,,,,,,*,#.#........#
*##.#.**,#....#.@........#
*,....,,,.....#.#........#
,##.#.###.....#.##...#####
*#............#....###
*#...........,####.#
#.........#*** #.#
*#.........## *.#
*##.........# *.#
,#.#........######+###


You could see Grinder.

Vanquished Creatures
  Robin (D:2)
  4 adders
  A gnoll (D:1)
  An ooze (D:2)
  3 worms
  2 dart slugs
  2 leopard geckos
  4 giant cockroaches
  16 goblins
  9 hobgoblins
  2 ball pythons (D:2)
  8 bats
  3 frilled lizards (D:1)
  7 kobolds
  9 rats
72 creatures vanquished.

Notes
Turn   | Place    | Note
-------+----------+-------------------------------------------
     0 | D:1      | voltaire321 the Octopode Earth Elementalist began the quest
                  | for the Orb.
     0 | D:1      | Reached XP level 1. HP: 11/11 MP: 3/3
   145 | D:1      | Reached XP level 2. HP: 10/18 MP: 0/5
   365 | D:1      | Reached XP level 3. HP: 22/22 MP: 3/6
   462 | D:1      | Learned a level 3 spell: Stone Arrow
   468 | D:1      | Reached skill level 1 in Fighting
  1127 | D:2      | Noticed Robin
  1393 | D:2      | Reached XP level 4. HP: 26/28 MP: 4/7
  1612 | D:2      | Killed Robin
  1659 | D:2      | Found a blossoming altar of Fedhas.
  1667 | D:2      | Became a worshipper of Fedhas Madash
  1817 | D:2      | Reached skill level 1 in Conjurations
  2007 | D:2      | Reached XP level 5. HP: 22/33 MP: 1/8
  2565 | D:3      | Noticed Grinder
  2574 | D:3      | Paralysed by Grinder for 2 turns
  2658 | D:3      | Paralysed by Grinder for 4 turns
  3000 | D:3      | Paralysed by Grinder for 4 turns
  3003 | D:3      | Killed from afar by Grinder

Illustrated notes

Levels and vault maps discovered:
D:1:      dpeg_arrival_arbitrary_a, layout_rooms
D:2:      layout_rooms, st_stairs_2, fedhas_altar_1, uniq_robin
D:3:      wad_river_or_something, layout_basic, lemuel_coloured_pillars_altar,
          grunt_temple_overflow_open, nemelex_dance_club_becter, uniq_sigmund,
          uniq_grinder

Skill      XL: |  1  2  3  4 |
---------------+-------------+-----
Fighting       | 1 |  1.7
Conjurations   | 1 |  1.2
Transmutations | 2 |  2.1
Dodging        | |  2.8
Stealth        | |  2.6
Spellcasting   | |  2.7
Earth Magic    | |  3.6

Action                   |  1- 3 |  4- 6 || total
-------------------------+-------+-------++-------
Melee: Unarmed           |     7 |       ||     7
       Constrict         |     3 |    11 ||    14
       Tentacles         |     2 |    10 ||    12
       Whip              |     3 |       ||     3
       Dagger            |       |    39 ||    39
 Cast: Sandblast         |    51 |    65 ||   116
  Use: Scroll            |       |     4 ||     4
       Potion            |       |     2 ||     2
 Stab: Sleeping          |       |     1 ||     1
Armor: Skin              |     1 |     2 ||     3
Dodge: Dodged            |    18 |    37 ||    55

Table legend: (Time is in decaauts)
 A = Elapsed time spent in this place.
 B = Non-inter-level travel time spent in this place.
 C = Inter-level travel time spent in this place.
 D = Time resting spent in this place.
 E = Time spent auto-exploring this place.
 F = Levels seen in this place.
 G = Mean time per level.
                   A        B        C        D        E       F      G
               +--------+--------+--------+--------+--------+-----+--------+
         Total |   3004 |   2932 |     72 |   1451 |    650 |   3 | 1001.3 |
       Dungeon |   3004 |   2932 |     72 |   1451 |    650 |   3 | 1001.3 |
               +--------+--------+--------+--------+--------+-----+--------+

Top non-repeatable levels by time:
     D:1: 1469 daAuts
     D:2: 922 daAuts
     D:3: 613 daAuts
